 Dungeon Crawl Stone Soup version 0.29-a0-653-gd47aff6735 (webtiles) character file.

Game seed: 11760487304534435277

39 DocClef the Skirmisher (level 3, -1/34 HPs)
             Began as a Minotaur Gladiator on June 21, 2022.
             Slain by Sigmund
             ... wielding a +0 scythe
              (4 damage)
             ... on level 2 of the Dungeon.
             The game lasted 00:01:01 (1303 turns).

DocClef the Skirmisher (Minotaur Gladiator)         Turns: 1303, Time: 00:01:02

Health: -1/34      AC:  6    Str: 20    XL:     3   Next: 28%
Magic:  2/2        EV: 12    Int:  5    God:
Gold:   65         SH:  0    Dex: 11    Spells: 2/2 levels left

rFire   . . .      SeeInvis .   a - +0 war axe
rCold   . . .      Faith    .   (no shield)
rNeg    . . .      Spirit   .   b - +0 leather armour
rPois   .          Reflect  .   c - +0 hat
rElec   .          Harm     .   (no cloak)
rCorr   .          Rampage  .   i - +1 pair of gloves
Will    .....                   h - +0 pair of boots
Stlth   +.........              (no amulet)
HPRegen 0.11/turn               (no ring)
MPRegen 0.08/turn               (no ring)

@: confused
A: horns 2, retaliatory headbutt
a: no special abilities


You were on level 2 of the Dungeon.
You visited 1 branch of the dungeon, and saw 2 of its levels.

You collected 65 gold pieces.

Inventory:

Hand Weapons
 a - a +0 war axe (weapon)
Missiles
 d - 3 throwing nets (quivered)
 e - a javelin
Armour
 b - a +0 leather armour (worn)
 c - a +0 hat (worn)
 h - a +0 pair of boots (worn)
 i - a +1 pair of gloves (worn)
Scrolls
 g - 3 scrolls of teleportation {unknown}
 j - a scroll of identify {unknown}
 k - 2 scrolls of vulnerability {unknown}
 l - a scroll of noise {unknown}
Potions
 f - a potion of curing
 m - a potion of ambrosia


   Skills:
 + Level 4.6 Fighting
 - Level 3.6 Axes
 - Level 2.0 Throwing
 - Level 3.2 Dodging


You had 2 spell levels left.
You didn't know any spells.
Your spell library was empty.

Dungeon Overview and Level Annotations

Branches:
Dungeon (2/15)

Altars:

Shops:
D:1 [

Annotations:
D:2 Sigmund


Innate Abilities, Weirdness & Mutations

You have a pair of horns on your head.
You reflexively headbutt those who attack you in melee.


Message History

Sigmund is nearby!
Sigmund casts a spell.
Sigmund flickers and vanishes!
Deactivating autopickup; reactivate with Ctrl-A.
It was a potion of curing.
You feel better. Something hits you.
It was a potion of ambrosia.
You are confused.
You feel invigorated.
A magic dart appears from out of thin air!
The magic dart hits you.
You hear some strange, mumbled words.
You are more confused.
Something hits you but does no damage.
You bump into the rock wall.
You feel less invigorated. Something hits you but does no damage.
You bump into the rock wall.
Something hits you but does no damage.
You bump into the rock wall.
Something hits you but does no damage. Something hits you.
You're too confused to move!
You feel less confused.
You hear some strange, mumbled words.
You are confused.
You miss something. Something hits you. Something hits you!
You bump into the rock wall.
You hear some strange, mumbled words.
A puff of flame appears from out of thin air!
The puff of flame hits you.
You're too confused to move!
Something hits you.
* * * LOW HITPOINT WARNING * * *
You bump into the rock wall.
Something hits you.
* * * LOW HITPOINT WARNING * * *
You bump into the rock wall.
You're too confused to move!
You feel less confused.
You hear some strange, mumbled words.
You are confused.
You bump into the rock wall.
Something hits you.
You die...

##### ##...##
#.....###### . #
#@...†.....#
....#.#.....####.#
#....{.....# #.#
##..###...## #.#
.... ##.## #.# ...
#.# #.# .# #.#
#.##### #+#
#.....# #####.#


There were no monsters in sight!

Vanquished Creatures
  2 adders (D:2)
  A worm (D:2)
  A ball python (D:2)
  2 endoplasms (D:1)
  A giant cockroach (D:1)
  2 goblins (D:1)
  3 kobolds
  3 quokkas
  A bat (D:2)
  2 frilled lizards
  A rat (D:2)
19 creatures vanquished.

Notes
Turn   | Place    | Note
-------+----------+-------------------------------------------
     0 | D:1      | DocClef the Minotaur Gladiator began the quest for the Orb.
     0 | D:1      | Reached XP level 1. HP: 18/18 MP: 0/0
   192 | D:1      | Reached skill level 3 in Fighting
   416 | D:1      | Found Dugiteag's Antique Armour Shoppe.
   486 | D:1      | Found a faded altar of an unknown god.
   494 | D:1      | Reached XP level 2. HP: 26/26 MP: 1/1
   834 | D:2      | Reached skill level 4 in Fighting
  1028 | D:2      | Reached XP level 3. HP: 28/33 MP: 2/2
  1279 | D:2      | Noticed Sigmund
  1303 | D:2      | Slain by Sigmund

Illustrated notes

Levels and vault maps discovered:
D:1:      giann_horns, layout_basic, serial_shops, nicolae_shop_crystal,
          ebering_ecumenical_altar_abandoned
D:2:      layout_loops_corners, uniq_sigmund

Skill      XL: |  1  2 |
---------------+-------+-----
Fighting       | 3 4 |  4.6
Axes           | |  3.6
Throwing       | |  2.0
Dodging        | |  3.2

Action                   || total
-------------------------++-------
Melee: War axe           ||    44
       Headbutt          ||     8
  Use: Potion            ||     2
Armor: Leather armour    ||    17
Dodge: Dodged            ||    33

Table legend: (Time is in decaauts)
 A = Elapsed time spent in this place.
 B = Non-inter-level travel time spent in this place.
 C = Inter-level travel time spent in this place.
 D = Time resting spent in this place.
 E = Time spent auto-exploring this place.
 F = Levels seen in this place.
 G = Mean time per level.
                   A        B        C        D        E       F      G
               +--------+--------+--------+--------+--------+-----+--------+
         Total |   1316 |   1262 |     54 |      0 |   1075 |   2 |  658.0 |
       Dungeon |   1316 |   1262 |     54 |      0 |   1075 |   2 |  658.0 |
               +--------+--------+--------+--------+--------+-----+--------+

Top non-repeatable levels by time:
     D:1: 804 daAuts
     D:2: 512 daAuts
